 Dungeon Crawl Stone Soup version 0.27-a0-406-g23f261fbd2 (webtiles) character file.

Game seed: 18309093359344195218

1001 dickylongcocking the Reanimator (level 8, -2/64 HPs)
             Began as a Deep Dwarf Necromancer on Feb 22, 2021.
             Was an Initiate of Makhleb.
             Killed from afar by an electric eel (12 damage)
             ... with a bolt of electricity
             ... on level 6 of the Dungeon.
             The game lasted 00:06:39 (6210 turns).

dickylongcocking the Reanimator (DDNe)              Turns: 6210, Time: 00:06:40

Health: -2/64      AC:  7    Str: 19    XL:     8   Next: 0%
Magic:  22/22 (13) EV: 11    Int: 17    God:    Makhleb [......]
Gold:   283        SH:  0    Dex: 13    Spells: 1/14 levels left

rFire    . . .     SeeInvis .   E - +0 halberd (vamp)
rCold    . . .     Faith    .   (shield currently unavailable)
rNeg     . . .     Spirit   .   u - +0 ring mail
rPois    .         Reflect  .   p - +0 helmet
rElec    .         Harm     .   e - +0 cloak
rCorr    .         Rampage  .   (no gloves)
Will     +....                  (no boots)
Stlth    +.........             (no amulet)
HPRegen  0.00/turn              c - +6 ring of strength
MPRegen  0.18/turn              d - ring of magical power

@: non-regenerating, very slow
A: damage resistance, heal wounds, sense surroundings 1, no regeneration
a: Heal Wounds, Renounce Religion


You were on level 6 of the Dungeon.
You worshipped Makhleb.
Makhleb was noncommittal.
You visited 2 branches of the dungeon, and saw 7 of its levels.
You also visited: Sewer.

You collected 283 gold pieces.

Inventory:

Hand Weapons
 j - a +1 whip of venom
 E - a +0 vampiric halberd (weapon)
Armour
 a - a +0 robe
 e - a +0 cloak (worn)
 o - a +0 leather armour
 p - a +0 helmet (worn)
 t - a +0 pair of gloves
 u - a +0 ring mail (worn)
 x - a +0 buckler
 A - a +0 pair of gloves
Jewellery
 c - a +6 ring of strength (left hand)
 d - a ring of magical power (right hand)
 f - a ring of willpower
 w - a +4 ring of protection {unknown}
Wands
 n - a wand of acid (12)
Scrolls
 b - 7 scrolls of identify {unknown}
 g - 7 scrolls of enchant weapon {unknown}
 h - 3 scrolls of fear {unknown}
 k - a scroll of enchant armour {unknown}
 m - a scroll of blinking {unknown}
 s - 4 scrolls of teleportation {unknown}
 v - a scroll of random uselessness {unknown}
 y - a scroll of noise {unknown}
 C - a scroll of immolation {unknown}
Potions
 i - 5 potions of flight
 l - 4 potions of curing
 q - 7 potions of might
 r - 2 potions of haste {unknown}
 z - a potion of attraction
 B - a potion of cancellation {unknown}
 D - 2 potions of brilliance {unknown}
 F - a potion of resistance {unknown}


   Skills:
 * Level 1.3 Fighting
 - Level 1.2 Maces & Flails
 * Level 1.1 Polearms
 - Level 2.5 Dodging
 - Level 3.1 Stealth
 - Level 3.1 Shields
 * Level 3.9 Spellcasting
 * Level 8.5 Necromancy


You had one spell level left.
You knew the following spells:

 Your Spells              Type           Power        Failure   Level
a - Pain                  Necr           100%         1%          1
b - Agony                 Necr           32%          22%         5
d - Animate Dead          Necr           16%          9%          4
x - Vampiric Draining     Necr           16%          2%          3

Your spell library contained the following spells:

 Spells                   Type           Power        Failure   Level
 Animate Skeleton         Necr           64%          1%          1


Dungeon Overview and Level Annotations

Branches:
Dungeon (6/15)             Temple (1/1) D:5           Sewer (visited)

Altars:
Ashenzari
Cheibriados
Dithmenos
Elyvilon
Fedhas
Gozag
Hepliaklqana
Kikubaaqudgha
Makhleb
Nemelex Xobeh
Okawaru
Qazlal
Ru
Sif Muna
Trog
Uskayaw
Vehumet
Wu Jian
Xom
Yredelemnul
Zin
The Shining One


Innate Abilities, Weirdness & Mutations

You are resistant to damage.
You can heal yourself by infusing magical energy.
You passively map a small area around you.
You do not regenerate.


Message History

You kill the jackal!
Makhleb accepts your kill.
The jackal bites you but does no damage.
You miss the jackal.
The jackal bites you but does no damage.
The jackal bites you.
You puncture the jackal!
You kill the jackal!
Makhleb accepts your kill.
You have reached level 8!
You feel stronger.
An electric eel comes into view.
The electric eel moves out of view.
An orc is nearby!
You barely miss the orc. The orc hits you but does no damage.
An orc is nearby!
You closely miss the orc. The orc hits you but does no damage.
An orc is nearby!
You puncture the orc!
You kill the orc!
Makhleb accepts your kill.
An electric eel comes into view.
The electric eel shoots out a bolt of lightning at you!
The bolt of electricity hits you! The bolt of electricity hits you.
Things that are here:
a +0 dagger; a +0 leather armour You enter the shallow water.
Moving in this stuff is going to be slow.
The electric eel shoots out a bolt of lightning at you!
The bolt of electricity hits you!
The electric eel shoots out a bolt of lightning at you!
The bolt of electricity hits you!
The electric eel shoots out a bolt of lightning at you!
The bolt of electricity hits you!
The electric eel shoots out a bolt of lightning at you!
The bolt of electricity hits you!
* * * LOW HITPOINT WARNING * * *
The electric eel shoots out a bolt of lightning at you!
The bolt of electricity hits you!
You die...

* ≈ ≈≈≈≈≈≈≈≈♣.. , ,
, .......... ...# ,
≈≈≈≈≈≈;≈≈. ...# ,
≈≈≈≈≈;≈≈≈♣ ...# ≈
♣≈≈≈≈≈≈≈≈♣#..
*♣≈≈≈≈≈≈≈.. ≈
*♣≈≈≈≈≈≈♣.#, # * ≈*
♣≈≈≈≈@≈♣†# .# *
#P♣♣≈≈≈≈#.#..#### ,
#≈≈≈.)........ * ≈
######≈#.###..[.....
,.. **#.....>..#
#.######[# #. ,
..######.###.# #.#
#. #.....#### #.# #.
###.##...# #.# #. *,
#.##...# #.###.


You could see 2 electric eels.

Vanquished Creatures
  A sky beast (D:6)
  An ogre (D:5)
  A phantom (D:4)
  2 kobold brigands (Sewer)
  A centaur zombie (D:3)
  3 hounds
  2 orc priests (D:6)
  A jelly (D:5)
  A centaur skeleton (D:4)
  Terence (D:3)
  An orc wizard (D:3)
  A hound skeleton (D:4)
  A howler monkey skeleton (D:5)
  4 gnolls (D:6)
  4 river rats
  9 adders
  A shadow imp (D:5)
  An ufetubus (D:6)
  An ooze (Sewer)
  4 worms
  2 dart slugs
  3 leopard geckos
  9 orcs
  3 ball pythons
  8 bats
  6 giant cockroaches
  17 goblins
  6 hobgoblins
  10 jackals
  10 kobolds
  A quokka (D:3)
  4 frilled lizards
  11 rats
131 creatures vanquished.

Vanquished Creatures (others)
  29 plants (D:6)
29 creatures vanquished.

Grand Total: 160 creatures vanquished

Notes
Turn   | Place    | Note
-------+----------+-------------------------------------------
     0 | D:1      | dickylongcocking the Deep Dwarf Necromancer began the quest
                  | for the Orb.
     0 | D:1      | Reached XP level 1. HP: 15/15 MP: 3/3
   309 | D:1      | Reached XP level 2. HP: 22/22 MP: 4/4
   667 | D:2      | Noticed a +0 hand axe
   668 | D:2      | Found a hide-covered altar of Uskayaw.
   668 | D:2      | Noticed a +0 hand axe
   683 | D:2      | Reached XP level 3. HP: 26/28 MP: 5/5
   691 | D:2      | Reached skill level 1 in Maces & Flails
   766 | D:2      | Learned a level 3 spell: Vampiric Draining
   771 | D:2      | Found a broken altar of Ashenzari.
   777 | D:2      | Reached skill level 5 in Necromancy
  1192 | D:2      | Reached XP level 4. HP: 29/36 MP: 7/7
  2090 | D:3      | Found a radiant altar of Vehumet.
  2249 | D:3      | Found a glowing drain.
  2254 | Sewer    | Entered a sewer
  2378 | Sewer    | Reached skill level 6 in Necromancy
  2378 | Sewer    | Reached XP level 5. HP: 41/42 MP: 8/8
  2772 | Sewer    | Reached skill level 7 in Necromancy
  2772 | Sewer    | Reached XP level 6. HP: 46/49 MP: 4/9
  2780 | Sewer    | Learned a level 5 spell: Agony
  3170 | D:3      | Noticed Terence
  3190 | D:3      | Killed Terence
  3711 | D:3      | Reached skill level 1 in Shields
  4106 | D:4      | Found a snail-covered altar of Cheibriados.
  4162 | D:4      | Reached XP level 7. HP: 29/55 MP: 11/11
  4244 | D:4      | Found a sacrificial altar of Ru.
  4554 | D:4      | Reached skill level 8 in Necromancy
  4576 | D:4      | Found a stormy altar of Qazlal.
  4692 | D:5      | Entered Level 5 of the Dungeon
  5151 | D:5      | Found a staircase to the Ecumenical Temple.
  5160 | Temple   | Entered the Ecumenical Temple
  5398 | Temple   | Became a worshipper of Makhleb the Destroyer
  5490 | D:5      | Learned a level 4 spell: Animate Dead
  5660 | D:5      | Found a basalt altar of Yredelemnul.
  6121 | D:6      | Reached skill level 1 in Fighting
  6121 | D:6      | Reached skill level 1 in Polearms
  6204 | D:6      | Reached XP level 8. HP: 64/64 MP: 13/13
  6210 | D:6      | Killed from afar by an electric eel

Illustrated notes

Levels and vault maps discovered:
D:1:      dpeg_arrival_round_c, layout_basic
D:2:      layout_basic, old_standard_altar, dancing_weapons_uskayaw,
          kennysheep_donut, minmay_misc_feat_chi, corexii_corridor_pit
D:3:      layout_loops_corners, vehumet_crystals, gup_sewer_entry_bowl,
          roderic_lattice_a, kennysheep_generic_room_16, uniq_terence
D:4:      layout_cave_pools, kennysheep_slug_shrine, lemuel_round_altar,
          nicolae_ru_sacrificial_ziggurat
D:5:      layout_basic, yredelemnul_altar_generic,
          minmay_temple_entry_sparse_star, minmay_ogre_servants
D:6:      layout_loops_ring, grunt_decor_resistance, chequers_big_river,
          serial_bayou_lagoon_b, uniq_prince_ribbit1
Temple:   eino_temple_rhombus

Skill      XL: |  1  2  3  4  5  6  7 |
---------------+----------------------+-----
Maces & Flails | 1 |  1.2
Stealth        | 3 |  3.1
Spellcasting   | 2 3 |  3.9
Necromancy     | 5 6 7 8 |  8.5
Shields        | 2 3 |  3.1
Fighting       | 1 |  1.3
Polearms       | 1 |  1.1
Dodging        | |  2.5

Action                   |  1- 3 |  4- 6 |  7- 9 || total
-------------------------+-------+-------+-------++-------
Melee: Whip              |    62 |   216 |    52 ||   330
       Halberd           |       |       |    28 ||    28
 Cast: Pain              |    24 |       |       ||    24
       Vampiric Draining |     4 |    29 |    37 ||    70
       Animate Dead      |       |       |     1 ||     1
  Use: Potion            |       |     5 |       ||     5
 Stab: Sleeping          |     3 |     3 |     1 ||     7
Armor: Robe              |    25 |       |       ||    25
       Leather armour    |     2 |     4 |       ||     6
       Ring mail         |       |    85 |    64 ||   149
       Skin              |       |    16 |       ||    16
Dodge: Dodged            |    62 |   126 |   117 ||   305
Block: Buckler           |       |    14 |    24 ||    38

Table legend: (Time is in decaauts)
 A = Elapsed time spent in this place.
 B = Non-inter-level travel time spent in this place.
 C = Inter-level travel time spent in this place.
 D = Time resting spent in this place.
 E = Time spent auto-exploring this place.
 F = Levels seen in this place.
 G = Mean time per level.
                   A        B        C        D        E       F      G
               +--------+--------+--------+--------+--------+-----+--------+
         Total |   6324 |   6119 |    205 |    323 |   4745 |   8 |  790.5 |
       Dungeon |   5338 |   5160 |    178 |    312 |   3947 |   6 |  889.7 |
        Temple |    249 |    222 |     27 |      0 |    218 |   1 |  249.0 |
         Sewer |    735 |    735 |      0 |     11 |    580 |   1 |  735.0 |
               +--------+--------+--------+--------+--------+-----+--------+

Top non-repeatable levels by time:
     D:2: 1436 daAuts
     D:3: 1346 daAuts
     D:5: 776 daAuts
   Sewer: 735 daAuts
     D:4: 657 daAuts
     D:1: 614 daAuts
     D:6: 507 daAuts
  Temple: 249 daAuts
